 Dungeon Crawl Stone Soup version 0.27.1-2-g3b301248ec (webtiles) character file.

Game seed: 10778553781437617351

62 vvl the Insei (level 3, -5/27 HPs)
             Began as a Demonspawn Transmuter on Sept 28, 2021.
             Was an Initiate of Makhleb.
             Slain by an orc (6 damage)
             ... on level 3 of the Dungeon.
             The game lasted 00:04:28 (2243 turns).

vvl the Insei (Demonspawn Transmuter)               Turns: 2243, Time: 00:04:28

Health: -5/27      AC:  3    Str: 11    XL:     3   Next: 85%
Magic:  5/6        EV: 12    Int: 14    God:    Makhleb [......]
Gold:   57         SH:  0    Dex: 13    Spells: 5/6 levels left

rFire    . . .     SeeInvis .   c - +0 dagger
rCold    . . .     Faith    .   (no shield)
rNeg     . . .     Spirit   .   a - +0 robe
rPois    .         Reflect  .   (helmet currently unavailable)
rElec    .         Harm     .   (no cloak)
rCorr    .         Rampage  .   (no gloves)
Will     .....                  (boots currently unavailable)
Stlth    +.........             (no amulet)
HPRegen  0.09/turn              (no ring)
MPRegen  0.10/turn              (no ring)

@: appendages
A: horns 2, talons 2, spiny 1, sharp scales 1
a: End Transformation, Renounce Religion


You were on level 3 of the Dungeon.
You worshipped Makhleb.
Makhleb was noncommittal.
You had temporarily grown beastly horns and talons.
You visited 1 branch of the dungeon, and saw 3 of its levels.

You collected 57 gold pieces.

Inventory:

Hand Weapons
 c - a +0 dagger (weapon)
Armour
 a - a +0 robe (worn)
Wands
 h - a wand of flame (13)
Scrolls
 b - 2 scrolls of amnesia {unknown}
 e - a scroll of teleportation {unknown}
 g - a scroll of fear {unknown}
Potions
 d - a potion of might {unknown}
 f - 3 potions of heal wounds {unknown}


   Skills:
 + Level 1.7 Fighting
 + Level 2.1 Dodging
 + Level 3.1 Unarmed Combat
 + Level 2.3 Spellcasting
 + Level 1.4 Necromancy
 + Level 2.2 Transmutations


You had 5 spell levels left.
You knew the following spells:

 Your Spells              Type           Power      Damage    Failure   Level
a - Beastly Appendage     Tmut           14%        N/A       10%         1

Your spell library contained the following spells:

 Spells                   Type           Power      Damage    Failure   Level
 Wereblood                Tmut           7%         N/A       14%         2
 Spider Form              Tmut/Pois      2%         N/A       41%         3
 Ice Form                 Ice/Tmut       4%         N/A       82%         4


Dungeon Overview and Level Annotations

Branches:
Dungeon (3/15)

Altars:
Makhleb

Shops:
D:2 (


Innate Abilities, Weirdness & Mutations

You have temporarily grown beastly horns and talons.
You are partially covered in sharp spines.
You are partially covered in razor-sharp scales. (AC +1, Slay +1)


Message History

Your horns disappear.
Your talons disappear.
You see here a hobgoblin corpse.
Things that are here:
a hobgoblin corpse; a hobgoblin corpse
Found a spear.
You open the door.
There is an open door here.
A bat comes into view.
Found 22 sling bullets.
You miscast Beastly Appendage.
You are very lightly contaminated with residual magic.
Nothing appears to happen.
The bat barely misses you.
You closely miss the bat. The bat is struck by your spines.
The bat hits you but does no damage. The bat closely misses you.
A bat is nearby!
An orc and an orc priest come into view.
The orc priest shouts!
The orc shouts!
You hit the bat.
You kill the bat!
Makhleb accepts your kill.
You hear a shout!
An orc comes into view. It is wielding a +0 flail.
The orc priest invokes the aid of Beogh against you.
Pain shoots through your body!
Your magical contamination has completely faded away.
The orc is struck by your spines. The orc barely misses you.
The orc priest closely misses you.
You grow a pair of large bovine horns.
Your feet morph into talons.
The orc barely misses you. The orc priest closely misses you.
You hit the orc priest. Your kick misses the orc priest.
The orc priest is lightly wounded.
The orc is struck by your spines. The orc hits you but does no damage.
The orc priest calls down the wrath of Beogh upon you.
Beogh smites you!
Ouch! That really hurt!
* * * LOW HITPOINT WARNING * * *
The orc is struck by your spines. The orc hits you with a +0 flail.
You die...

......#.......# ......#...
...# ...... .......
......##.##.#
............#
............# ###
............# #..
.......oo.†.# #..
.......o.@..# ########..
......####..#####......#..
.....(.................#..
.###..###########......##.
## #####.....###.
#.........# #.
#..###....###.
##+##..........
#)..#.###....##


You could see an orc priest and 2 orcs.

Vanquished Creatures
  3 dart slugs
  An orc (D:2)
  2 ball pythons (D:1)
  2 endoplasms (D:1)
  A giant cockroach (D:1)
  5 goblins
  12 hobgoblins
  5 jackals
  5 kobolds
  2 quokkas (D:1)
  3 bats
  2 frilled lizards (D:2)
  4 rats
47 creatures vanquished.

Notes
Turn   | Place    | Note
-------+----------+-------------------------------------------
     0 | D:1      | vvl the Demonspawn Transmuter began the quest for the Orb.
     0 | D:1      | Reached XP level 1. HP: 15/15 MP: 3/3
   218 | D:1      | Gained mutation: You are partially covered in sharp spines.
                  | [demonic ancestry]
   218 | D:1      | Reached XP level 2. HP: 18/21 MP: 3/5
   668 | D:1      | Reached skill level 1 in Necromancy
  1001 | D:1      | Gained mutation: You are partially covered in razor-sharp
                  | scales. (AC +1, Slay +1) [demonic ancestry]
  1001 | D:1      | Reached XP level 3. HP: 26/26 MP: 4/6
  1324 | D:2      | Reached skill level 3 in Unarmed Combat
  1827 | D:2      | Found Fegeuz's Weapon Shoppe.
  1954 | D:3      | Found a burning altar of Makhleb.
  1976 | D:3      | Became a worshipper of Makhleb the Destroyer
  2241 | D:3      | HP: 1/27 [orc priest/divine providence (15)]
  2243 | D:3      | Slain by an orc

Illustrated notes

Levels and vault maps discovered:
D:1:      minmay_arrival_four_circles, layout_basic
D:2:      layout_basic, serial_shops, nicolae_shop_crystal
D:3:      layout_basic, nicolae_tso_carved_into_rock,
          mainiacjoe_overflow_concentric_impassable, grunt_ministairs_13,
          uniq_robin, uniq_terence

Skill      XL: |  1  2  3 |
---------------+----------+-----
Transmutations | 2 |  2.2
Dodging        | 2 |  2.1
Necromancy     | 1 |  1.4
Unarmed Combat | 3 |  3.1
Fighting       | |  1.7
Spellcasting   | |  2.3

Action                   || total
-------------------------++-------
Melee: Unarmed           ||    38
       Kick              ||    19
       Headbutt          ||    12
       Dagger            ||    53
 Cast: Beastly Appendage ||    29
 Stab: Sleeping          ||     1
Armor: Robe              ||    13
Dodge: Dodged            ||    47
